 Dungeon Crawl Stone Soup version 0.27-a0-1590-g15f69828bf (webtiles) character file.

Game seed: 9597981513658967148

14628 Sobieck the Grappler (level 12, -24/127 HPs)
             Began as an Octopode Berserker on July 18, 2021.
             Was an Elder of Trog.
             Annihilated by Rupert (29 damage)
             ... on level 12 of the Dungeon.
             The game lasted 00:28:35 (16471 turns).

Sobieck the Grappler (Octopode Berserker)          Turns: 16471, Time: 00:28:35

Health: -24/127    AC:  3    Str: 17    XL:     12   Next: 18%
Magic:  12/12      EV: 20    Int:  9    God:    Trog [****..]
Gold:   711        SH: 17    Dex: 16    Spells: 11/11 levels left

rFire    + . .     SeeInvis .     - Unarmed
rCold    . . .     Faith    .   z - +1 kite shield {rF+}
rNeg     . . .     Spirit   .   B - +2 hat {Will+}
rPois    .         Reflect  +   o - amulet of reflection
rElec    .         Harm     .   c - ring of flight
rCorr    .         Rampage  .   n - ring of willpower
Will     ++++.                  h - +4 ring of evasion
Stlth    ..........             (no ring)
HPRegen  1.31/turn              (no ring)
MPRegen  0.13/turn              (no ring)
                                (no ring)
                                (no ring)

@: berserking (expiring), lethally poisoned (-24 -> -25), strong-willed, flying,
regenerating, very quick
A: almost no armour, amphibious, 8 rings, camouflage 1, gelatinous body 1,
(nimble swimmer 1), tentacles
a: Renounce Religion, Berserk, Trog's Hand, Brothers in Arms


You were on level 12 of the Dungeon.
You worshipped Trog.
Trog was greatly pleased with you.
You visited 2 branches of the dungeon, and saw 13 of its levels.
You also visited: Sewer.

You collected 1837 gold pieces.
You spent 1126 gold pieces at shops.


Innate Abilities, Weirdness & Mutations

You cannot wear most types of armour.
You are amphibious.
You can wear up to eight rings at the same time.
Your skin changes colour to match your surroundings (Stealth+).
Your rubbery body absorbs attacks. (AC +1, EV +1)
((You are camouflaged near water. (Stealth+)))
You have tentacles for arms and can constrict up to eight enemies at once.


   Skills:
 - Level 9.0 Fighting
 - Level 8.0 Dodging
 - Level 11.0 Stealth
 + Level 8.7 Shields
 + Level 11.3 Unarmed Combat


You had 11 spell levels left.
You didn't know any spells.
Your spell library contained the following spells:

 Spells                   Type           Power      Damage    Failure   Level
 Corona                   Hex            0%         N/A       65%         1
 Shock                    Conj/Air       0%         1d3       65%         1
 Ensorcelled Hibernation  Hex/Ice        0%         N/A       80%         2
 Dazzling Flash           Conj/Hex       0%         N/A       95%         3
 Inner Flame              Hex/Fire       0%         N/A       95%         3
 Mephitic Cloud           Conj/Pois/Air  0%         N/A       95%         3
 Swiftness                Air            0%         N/A       95%         3
 Tukima's Dance           Hex            0%         N/A       95%         3
 Airstrike                Air            0%         N/A       100%        4
 Cause Fear               Hex            0%         N/A       100%        4
 Summon Ice Beast         Ice/Summ       0%         N/A       100%        4
 Discord                  Hex            0%         N/A       100%        8

Inventory:

Hand Weapons
 b - a +5 dagger of protection {short}
   (You took it off a kobold in a sewer)
 J - a +1 vorpal fustibalus {sling}
   (You bought it in a shop on level 9 of the Dungeon)
Missiles
 a - 50 poisoned darts {throwing}
 d - 81 bolts
 i - 348 arrows
 k - 10 boomerangs {throwing}
 m - 238 stones (quivered) {throwing}
 p - 2 curare-tipped darts {=fthrowing}
 y - 56 sling bullets
 I - 2 javelins {throwing}
Armour
 z - a +1 kite shield of fire resistance (worn)
   (You acquired it on level 6 of the Dungeon)
 B - a +2 hat of willpower (worn)
   (You took it off Gastronok on level 11 of the Dungeon)
Jewellery
 c - a ring of flight (left tentacle)
   (You found it on level 2 of the Dungeon)
 h - a +4 ring of evasion (on tentacle)
   (You found it on level 4 of the Dungeon)
 n - a ring of willpower (right tentacle)
   (You found it on level 3 of the Dungeon)
 o - an amulet of reflection (around mantle)
   (You found it on level 2 of the Dungeon)
 K - a ring of ice
   (You found it on level 10 of the Dungeon)
Wands
 v - a wand of polymorph (13)
   (You found it on level 6 of the Dungeon)
 x - a wand of flame (22)
   (You found it on level 5 of the Dungeon)
 C - a wand of mindburst (9)
   (You found it on level 7 of the Dungeon)
 D - a wand of iceblast (7)
   (You found it on level 10 of the Dungeon)
 G - a wand of paralysis (21)
   (You found it on level 9 of the Dungeon)
 M - a wand of acid (8)
   (You found it on level 11 of the Dungeon)
Scrolls
 j - 8 scrolls of teleportation {@r4}
 A - 2 scrolls of immolation {!r!r}
 H - a scroll of vulnerability {!r!r}
 N - a scroll of fog
 O - a scroll of blinking {!r}
Potions
 e - 6 potions of mutation {!q}
 f - 3 potions of brilliance
 g - 4 potions of haste {unknown}
 l - 5 potions of curing {@q1}
 q - 7 potions of might
 r - 3 potions of resistance
 s - 5 potions of heal wounds {@q2}
 t - 4 potions of magic {unknown}
 u - a potion of experience {unknown}
 w - 2 potions of cancellation {unknown}
 E - 4 potions of attraction {unknown}
 F - 4 potions of flight {unknown}
Miscellaneous
 L - a tin of tremorstones (2/2) {throwing}
   (You found it on level 10 of the Dungeon)

Dungeon Overview and Level Annotations

Branches:
Dungeon (12/15)            Temple (0/1) D:6            Lair (0/6) D:9
    Orc (1/2) D:9           Sewer (visited)

Altars:
Fedhas
Nemelex Xobeh
Yredelemnul
Zin

Shops:
D:1 ?   D:3 *   D:5 :   D:9 [(?*:

Portals:
Trove: D:11 (give 18 scrolls of teleportation)

Annotations:
D:3 exclusion: downstairs
D:12 Rupert

...................
... #......#
....... ..#
#....##.......
##..#
####.....#....)..
#....##....###.C..#
##.##......##
##cy## #..##.###..#
#y## ..##..# #.##
#@# ..##..###.# #@#
#.##..##.## #..#
##.#..#...###..###
##............#
##..########.# ####


You could see Rupert (berserk), a cyclops, 2 vampire mosquitoes and a centaur.


Message History

You stick the acid dragon like a pincushion!!!
Your weapon exudes an aura of protection.
You kill the acid dragon!
Trog accepts your kill.
The centaur shoots an arrow.
You reflect the arrow off an invisible shield around you!
The arrow hits the centaur!
The centaur shoots an arrow.
The arrow misses you.
You hear a shout!
Your +5 dagger of protection {short} goes still.
You are now empty-tentacled.
You start waiting.
The centaur shoots an arrow.
The arrow closely misses you.
Rupert the Wild comes into view.
He is wielding a +0 great mace of venom.
Rupert yells loudly at you. You resist with almost no effort.
The centaur shoots an arrow.
The arrow hits you! 😕 HP[-10]
You take 10 damage, and now have 75/85 hp.
The centaur shoots an arrow.
The arrow hits you. 😕 HP[-2]
You take 2 damage, and now have 73/85 hp.
A vampire mosquito comes into view. x2
The centaur unwields a +0 shortbow.
You block the centaur's attack. The centaur barely misses you.
The vampire mosquito buzzes angrily.
You block the centaur's attack. The centaur completely misses you.
You block the centaur's attack. x2 😕 HP[+1]
You block the centaur's attack. x2
Rupert roars madly and goes into a rage!
Rupert goes berserk!
The centaur hits you.
You block the centaur's attack. 😕 HP[-3]
You take 3 damage, and now have 71/85 hp.
The centaur wields a +0 shortbow.
The centaur shoots an arrow.
The arrow hits you!
Rupert rages.
You hear a shout! 😮 HP[-13]
You take 13 damage, and now have 58/85 hp.
You fail to use your ability.
Rupert closely misses you. You block Rupert's attack. 😮 HP[+1]
Your skin crawls.
You feel strong-willed. You block Rupert's attack.
Rupert completely misses you. 😮 HP[+1] Unknown command.
A red film seems to cover your vision as you go berserk!
You feel yourself moving faster!
You feel mighty!
Rupert hits you with a +0 great mace of venom!!
* * * LOW HITPOINT WARNING * * *
You are poisoned.
You now have 127 max hp (+42).
You closely miss Rupert. You grab Rupert. You tentacle-slap Rupert!
You constrict Rupert.
You feel very sick.
Rupert hits you with a +0 great mace of venom!
* * * LOW HITPOINT WARNING * * *
You are more poisoned. 😨 HP[-18]
You take 18 damage, and now have 42/127 hp.
You tentacle-slap Rupert. You constrict Rupert.
You feel very sick.
Rupert hits you with a +0 great mace of venom!!
* * * LOW HITPOINT WARNING * * *
😱 HP[-21]
You take 21 damage, and now have 21/127 hp.
You batter Rupert!! You tentacle-slap Rupert! Your squeeze misses Rupert.
You constrict Rupert.
You feel sick. You block Rupert's attack. 😱 HP[-1]
You take 1 damage, and now have 20/127 hp.
You completely miss Rupert. You squeeze Rupert! You constrict Rupert.
You feel very sick.
Rupert hits you with a +0 great mace of venom!
* * * LOW HITPOINT WARNING * * *
😱 HP[-10]
You take 10 damage, and now have 10/127 hp.
You barely miss Rupert. You constrict Rupert.
You feel very sick. You block Rupert's attack. 😱 HP[-3]
You take 3 damage, and now have 7/127 hp.
You tentacle-slap Rupert. You squeeze Rupert. You constrict Rupert.
You feel sick. You block Rupert's attack. 😱 HP[-1]
You take 1 damage, and now have 6/127 hp.
You bludgeon Rupert! You constrict Rupert.
You feel sick. Rupert completely misses you. 😱 HP[-1]
You take 1 damage, and now have 5/127 hp.
You tentacle-slap Rupert. x2; You constrict Rupert.
You feel sick. You block Rupert's attack.
You bludgeon Rupert! You constrict Rupert.
You feel sick. You block Rupert's attack.
You tentacle-slap Rupert. You squeeze Rupert! You constrict Rupert.
You feel sick. You block Rupert's attack.
You batter Rupert!! You constrict Rupert!
You feel sick.
Rupert hits you with a +0 great mace of venom!!
You die...

Skill      XL: |  1  2  3  4  5  6  7  8  9 10 11 12 |
---------------+-------------------------------------+-----
Stealth        | 1 2 3 5 8 9 11 | 11.0
Dodging        | 4 5 6 7 8 |  8.0
Fighting       | 4 5 6 7 8 9 |  9.0
Unarmed Combat | 4 5 6 7 8 10 11 | 11.3
Shields        | 1 4 8 |  8.7

Action                   |  1- 3 |  4- 6 |  7- 9 | 10-12 || total
-------------------------+-------+-------+-------+-------++-------
Melee: Unarmed           |    57 |   117 |   151 |   351 ||   676
       Constrict         |    14 |    40 |    32 |    39 ||   125
       Tentacles         |    11 |    31 |    46 |    87 ||   175
       Dagger            |     1 |    12 |    17 |    15 ||    45
       Punch             |       |     2 |    11 |    34 ||    47
 Fire: Fustibalus        |       |       |       |     2 ||     2
Invok: Berserk           |     1 |     5 |     8 |    20 ||    34
       Trog's Hand       |       |       |       |     2 ||     2
  Use: Scroll            |       |     7 |     9 |     4 ||    20
 Stab: Sleeping          |     7 |    12 |    13 |     5 ||    37
       Distracted        |       |       |     2 |     1 ||     3
Armor: Skin              |     7 |       |     7 |    24 ||    38
Dodge: Dodged            |    42 |    62 |   124 |   199 ||   427
Block: Other             |     2 |    17 |    41 |     4 ||    64
       Reflection        |       |       |     2 |    11 ||    13
       Kite shield       |       |       |       |   317 ||   317

Levels and vault maps discovered:
D:1:      lemuel_arrival_funnel, layout_loops_ring, basic_ecumenical_altar,
          serial_shops, nicolae_shop_window_shopping, hangedman_decor_lopped,
          minivault_11
D:2:      layout_loops_ring, hangedman_abyss_or_decor_stabs,
          uniq_crazy_yiuf_cottage, uniq_natasha
D:3:      layout_loops_corners, serial_shops, shop,
          hellmonk_ghost_happy_afterlife, uniq_grinder
D:4:      layout_cave_pools, zin_academy, cheibrodos_sewer_entry_sluice
D:5:      layout_rooms, chequers_serial_rivers_small_a, nicolae_shop_self_help
D:6:      layout_basic, kennysheep_mini_moat, minmay_temple_entry_grid,
          uniq_maggie, uniq_sigmund
D:7:      layout_basic, yredelemnul_forgotten_temple_becter
D:8:      layout_rooms, fedhas_bush_and_centaur_altar
D:9:      cheibrodos_helix_gallery, layout_long_grid, lair_entry_dummy,
          orc_0_dummy, serial_shops, shop, nicolae_lakefront_shop,
          nicolae_shop_temple_entry_statues_fountains, nicolae_diamond_shop,
          shop, fungi_pond_lemuel
D:10:     layout_loops_ring, worms_lemuel
D:11:     layout_irregular_city, enter_trove_5, uniq_gastronok
D:12:     layout_layer_cave, gammafunk_ghost_ooze, serial_shops,
          nicolae_shop_trees, uniq_rupert
Orc:1:    layout_diamond_mine, uniq_jorgrun

Notes
Turn   | Place    | Note
-------+----------+-------------------------------------------
     0 | D:1      | Sobieck the Octopode Berserker began the quest for the Orb.
     0 | D:1      | Reached XP level 1. HP: 16/16 MP: 1/1
     0 | D:1      | magus.rc [v1.9.6]
   194 | D:1      | Found a faded altar of an unknown god.
   230 | D:1      | Reached skill level 1 in Stealth
   233 | D:1      | Reached XP level 2. HP: 20/21 MP: 2/2
   886 | D:1      | Found Kual's Magic Scroll Emporium.
   935 | D:1      | Reached XP level 3. HP: 26/26 MP: 1/3
  1196 | D:2      | Reached skill level 2 in Stealth
  1522 | D:2      | Reached ** piety under Trog
  1591 | D:2      | Found a runed translucent door.
  1592 | D:2      | Noticed Crazy Yiuf
  1626 | D:2      | Noticed Natasha
  1635 | D:2      | Killed Natasha
  1636 | D:2      | Reached XP level 4. HP: 19/31 MP: 4/4
  1954 | D:2      | Noticed Natasha
  1961 | D:2      | Killed Natasha
  2266 | D:2      | Killed Crazy Yiuf
  2267 | D:2      | Reached skill level 3 in Stealth
  2267 | D:2      | Reached XP level 5. HP: 37/37 MP: 5/5
  2608 | D:3      | You add the spells Mephitic Cloud, Dazzling Flash and
                  | Summon Ice Beast to your library.
  2608 | D:3      | Got the Tome of the Countless Bounties {forbidden}
  2752 | D:3      | Found a runed translucent door.
  2752 | D:3      | Noticed Leeroy's ghost (amateur PaWr)
  2898 | D:4      | Reached skill level 4 in Dodging
  2901 | D:4      | Found a glowing drain.
  2913 | Sewer    | Entered a sewer
  2936 | Sewer    | Reached skill level 4 in Fighting
  2936 | Sewer    | Reached skill level 4 in Unarmed Combat
  3012 | Sewer    | Reached XP level 6. HP: 36/43 MP: 6/6
  3019 | Sewer    | Reached *** piety under Trog
  3276 | Sewer    | Reached skill level 4 in Stealth
  4210 | D:3      | Found Vuticeq's General Store.
  4466 | D:3      | Noticed Grinder
  4484 | D:3      | Killed Grinder
  4485 | D:3      | Reached skill level 5 in Stealth
  4485 | D:3      | Reached XP level 7. HP: 49/49 MP: 7/7
  4688 | D:3      | Reached skill level 5 in Dodging
  4904 | D:3      | Killed Leeroy's ghost
  4905 | D:3      | Reached skill level 5 in Fighting
  4905 | D:3      | Reached skill level 5 in Unarmed Combat
  5097 | D:4      | Reached **** piety under Trog
  5281 | D:4      | Reached XP level 8. HP: 55/55 MP: 8/8
  5401 | D:4      | Reached skill level 6 in Stealth
  5957 | D:4      | You pick up a book of Air {forbidden} and begin reading...
  5957 | D:4      | You add the spells Shock, Swiftness and Airstrike to your
                  | library.
  6013 | D:4      | Found a glowing silver altar of Zin.
  6198 | D:5      | Entered Level 5 of the Dungeon
  6258 | D:5      | Found Wihug's Self-Improvement Boutique.
  6365 | D:5      | Reached skill level 7 in Stealth
  6380 | D:5      | Reached skill level 6 in Dodging
  6380 | D:5      | Reached skill level 6 in Unarmed Combat
  6414 | D:5      | Reached skill level 6 in Fighting
  6846 | D:6      | Noticed a gargoyle
  7074 | D:6      | Killed a gargoyle
  7075 | D:6      | Reached skill level 8 in Stealth
  7075 | D:6      | Reached XP level 9. HP: 18/63 MP: 9/9
  7299 | D:6      | Noticed Sigmund
  7309 | D:6      | Killed Sigmund
  7386 | D:6      | Noticed Maggie
  7407 | D:6      | Killed Maggie
  7408 | D:6      | Reached skill level 7 in Fighting
  7408 | D:6      | Reached skill level 7 in Dodging
  7408 | D:6      | Reached skill level 7 in Unarmed Combat
  7410 | D:6      | Reached skill level 9 in Stealth
  7643 | D:6      | Found a sparkling altar of Nemelex Xobeh.
  7688 | D:6      | Found a staircase to the Ecumenical Temple.
  8009 | D:6      | Identified a scroll of acquirement
  8009 | D:6      | Acquired a +1 kite shield of fire resistance
  8138 | D:9      | Found a staircase to the Lair.
  8147 | D:8      | Identified the +2 short sword "Xynilis" {vorpal, Contam
                  | rElec Str+4 Int+8}
  8151 | D:9      | Found Cabratad's Armour Emporium.
  8406 | D:7      | Reached skill level 1 in Shields
  8434 | D:7      | Found a basalt altar of Yredelemnul.
  8500 | D:7      | Reached XP level 10. HP: 71/71 MP: 10/10
  8657 | D:8      | Found a blossoming altar of Fedhas.
  9374 | D:8      | Reached skill level 2 in Shields
  9836 | D:9      | Found Awkog's General Store.
 10091 | D:9      | Found a staircase to the Orcish Mines.
 10140 | D:9      | Reached skill level 10 in Stealth
 10391 | D:9      | You pick up a book of Maledictions {forbidden} and begin
                  | reading...
 10391 | D:9      | You add the spells Corona, Ensorcelled Hibernation and
                  | Tukima's Dance to your library.
 10395 | D:9      | Found Dadduw's Antique Weapon Shop.
 10487 | D:9      | Found Boathrup's Magic Scroll Boutique.
 10577 | D:9      | Found Gezetzakh's Book Emporium.
 10708 | D:9      | Reached skill level 8 in Dodging
 10723 | D:9      | Reached skill level 8 in Unarmed Combat
 10732 | D:9      | Reached skill level 8 in Fighting
 10736 | D:9      | Reached skill level 3 in Shields
 11081 | D:10     | Entered Level 10 of the Dungeon
 11266 | D:10     | HP: 18/108 [swamp worm (20)]
 11609 | Orc:1    | Entered Level 1 of the Orcish Mines
 11853 | D:9      | Bought a scroll of acquirement for 676 gold pieces
 11853 | D:9      | Acquired 881 gold pieces
 11888 | D:9      | Bought a glowing fustibalus for 450 gold pieces
 12058 | D:10     | Reached skill level 4 in Shields
 12061 | D:10     | Reached skill level 11 in Stealth
 12407 | D:10     | Reached XP level 11. HP: 78/78 MP: 11/11
 12420 | D:10     | Reached skill level 9 in Unarmed Combat
 12429 | D:10     | Reached skill level 9 in Fighting
 12434 | D:10     | Reached skill level 5 in Shields
 12747 | D:10     | You pick up a book of Hexes {forbidden} and begin
                  | reading...
 12747 | D:10     | You add the spells Inner Flame, Cause Fear and Discord to
                  | your library.
 12819 | D:10     | Noticed a seven-headed hydra
 12823 | D:10     | Killed a seven-headed hydra
 13530 | D:10     | HP: 29/120 [wraith (7)]
 13534 | D:10     | Reached skill level 6 in Shields
 14123 | D:11     | Noticed Gastronok
 14298 | D:11     | Killed Gastronok
 14299 | D:11     | Reached skill level 7 in Shields
 14299 | D:11     | Reached skill level 10 in Unarmed Combat
 15262 | D:11     | Noticed a vault guard
 15272 | D:11     | Killed a vault guard
 15273 | D:11     | Reached skill level 8 in Shields
 15273 | D:11     | Reached XP level 12. HP: 85/85 MP: 12/12
 15330 | D:11     | Found a portal to a secret trove of treasure.
 15334 | D:11     | This trove needs 18 scrolls of teleportation to function.
                  | Give it the items?
 15334 | D:11     | This trove needs 18 scrolls of teleportation to function.
                  | Give it the items?
 15334 | D:11     | This trove needs 18 scrolls of teleportation to function.
                  | Give it the items?
 15385 | D:11     | Reached skill level 11 in Unarmed Combat
 16181 | D:12     | Noticed a two-headed ogre
 16191 | D:12     | Killed a two-headed ogre
 16449 | D:12     | Noticed Rupert
 16462 | D:12     | HP: 21/127 [Rupert (18)]
 16464 | D:12     | HP: 10/127 [Rupert (8)]
 16469 | D:12     | HP: 5/127 [poisoned by Rupert]
 16471 | D:12     | Annihilated by Rupert

Vanquished Creatures
  Gastronok (D:11)
  A vault guard (D:11)
  A hydra (D:10)
  A two-headed ogre (D:12)
  A gargoyle (D:6)
  An unseen horror (D:11)
  Maggie (D:6)
  A komodo dragon (D:11)
  A troll (D:10)
  Grinder (D:3)
  A meliai zombie (D:11)
  A shadow (D:6)
  Sigmund (D:6)
  A vampire (D:10)
  2 wraiths (D:10)
  18 yaks
  6 vampire mosquitoes (D:10)
  4 swamp worms (D:10)
  An acid dragon (D:12)
  4 orc warriors
  2 ice beasts (D:6)
  A black bear (D:5)
  2 necrophages (D:6)
  3 ogres
  The ghost of Leeroy the Slasher, an amateur PaWr of Hepliaklqana (D:3)
  12 centaurs
  3 kobold brigands
  3 bullfrogs
  2 scorpions (D:5)
  A water moccasin zombie (D:4)
  A water moccasin skeleton (D:4)
  6 killer bees (D:8)
  8 wights
  A jelly (D:5)
  8 hounds
  2 orc priests (D:12)
  2 centaur zombies
  Crazy Yiuf (D:2)
  Natasha (twice) (D:2)
  2 orc wizards
  2 killer bee zombies
  2 hound skeletons (D:4)
  A howler monkey zombie (D:11)
  8 gnolls
  11 adders
  8 river rats (Sewer)
  2 shadow imps
  A white imp (D:8)
  2 ufetubi
  2 worms
  A dart slug (D:1)
  21 orcs
  10 bats
  4 endoplasms
  3 giant cockroaches
  5 goblins
  7 hobgoblins
  4 quokkas
  11 ball pythons
  4 frilled lizards
  21 kobolds
  21 rats
  A spectral orc (D:7)
264 creatures vanquished.

Vanquished Creatures (others)
  A fungus (D:9)
  4 plants (D:10)
5 creatures vanquished.

Grand Total: 269 creatures vanquished

Table legend:
 A = Non-vault XP
 B = Vault XP
 C = Vault XP percentage of total XP
 D = Non-vault monster count
 E = Vault monster count
 F = Vault count percentage of total count
                 A         B        C        D         E       F
            +---------+---------+-------+---------+---------+-------
      Total |   15208 |    5690 |  27.2 |     197 |      67 |  25.4
            +---------+---------+-------+---------+---------+-------
        D:1 |      22 |       0 |   0.0 |      14 |       0 |   0.0
        D:2 |      84 |      75 |  47.2 |      18 |       2 |  10.0
        D:3 |     211 |     382 |  64.4 |      27 |       2 |   6.9
        D:4 |     706 |       8 |   1.1 |      23 |       3 |  11.5
        D:5 |     466 |       0 |   0.0 |       9 |       0 |   0.0
        D:6 |    1311 |     615 |  31.9 |      14 |       2 |  12.5
        D:7 |     543 |       1 |   0.2 |       9 |       1 |  10.0
        D:8 |     530 |     110 |  17.2 |      14 |       1 |   6.7
        D:9 |    1674 |     179 |   9.7 |      19 |       2 |   9.5
       D:10 |    5390 |     653 |  10.8 |      23 |       4 |  14.8
       D:11 |    2619 |    3377 |  56.3 |      13 |       2 |  13.3
       D:12 |    1395 |       0 |   0.0 |      10 |       0 |   0.0
      Orc:1 |     257 |       0 |   0.0 |       4 |       0 |   0.0
      Sewer |       0 |     290 | 100.0 |       0 |      48 | 100.0
            +---------+---------+-------+---------+---------+-------

Illustrated notes

Table legend:
 A = Kills in this place as a percentage of kills in entire the game.
 B = Kills by you in this place as a percentage of kills by you in the entire game.
 C = Kills by friends in this place as a percentage of kills by friends in the entire game.
 D = Other kills in this place as a percentage of other kills in the entire game.
 E = Experience gained in this place as a percentage of experience gained in the entire game.
 F = Experience gained in this place divided by the number of levels of this place that you have seen.
                   A       B       C       D       E      F
               +-------+-------+-------+-------+-------+----------------------
         Total | 100.0 | 100.0 |   N/A |   N/A | 100.0 | 1492.7
       Dungeon |  80.3 |  80.3 |   N/A |   N/A |  97.4 | 1695.9
  Orcish Mines |   1.5 |   1.5 |   N/A |   N/A |   1.2 | 257.0
         Sewer |  18.2 |  18.2 |   N/A |   N/A |   1.4 | 290.0
               +-------+-------+-------+-------+-------+----------------------

Table legend: (Time is in decaauts)
 A = Elapsed time spent in this place.
 B = Non-inter-level travel time spent in this place.
 C = Inter-level travel time spent in this place.
 D = Time resting spent in this place.
 E = Time spent auto-exploring this place.
 F = Levels seen in this place.
 G = Mean time per level.
                   A        B        C        D        E       F      G
               +--------+--------+--------+--------+--------+-----+--------+
         Total |  16776 |  15506 |   1270 |   6467 |   6713 |  14 | 1198.3 |
       Dungeon |  15508 |  14247 |   1261 |   5967 |   6242 |  12 | 1292.3 |
  Orcish Mines |    219 |    210 |      9 |    116 |     34 |   1 |  219.0 |
         Sewer |   1047 |   1047 |      0 |    383 |    437 |   1 | 1047.0 |
               +--------+--------+--------+--------+--------+-----+--------+

Top non-repeatable levels by time:
    D:10: 3002 daAuts
     D:3: 1984 daAuts
    D:11: 1607 daAuts
     D:9: 1480 daAuts
     D:2: 1349 daAuts
     D:6: 1274 daAuts
     D:1: 1094 daAuts
   Sewer: 1047 daAuts
     D:8: 1017 daAuts
     D:4: 854 daAuts
     D:7: 716 daAuts
     D:5: 606 daAuts
    D:12: 520 daAuts
   Orc:1: 219 daAuts
